Map: Acolyte LE

Players

uThermal

  • Race: Terran Terran
  • Spawn Location: 1:00

JonSnow - Winner!

  • Race: Zerg Zerg
  • Spawn Location: 7:00

Event: WCS Montreal 2017

VOD

Have the link to the VOD?

Description

Time

  • Played on: Sept. 8, 2017, 2:38 p.m.
  • Length: 14:44

All games in this series

Show
View Real Time Build Order
Export as new Build Order

uThermal Terran 

Build Orders: Command Center First (CC), MMM Bio 

Get SALT Encoding   

  12  0:01  SCV  
  13  0:13  SCV  
  14  0:19  Supply Depot  
  14  0:26  SCV  
  15  0:40  SCV  
  16  0:53  SCV  
  17  1:01  Command Center  
  17  1:05  SCV  
  18  1:15  Barracks  
  18  1:18  SCV  
  19  1:24  Refinery  
  19  1:30  SCV  
  20  1:42  SCV  
  21  1:54  SCV  
  22  2:01  Marine  
  22  2:06  Orbital Command  
  23  2:13  Orbital Command  
  23  2:19  Marine  
  24  2:29  Command Center  
  24  2:33  SCV  
  25  2:39  SCV  
  26  2:44  Barracks Reactor  
  26  2:47  Factory  
  26  2:49  SCV  
  27  2:51  SCV  
  27  2:58  Refinery  
  28  3:00  Supply Depot  
  28  3:01  SCV  
  28  3:03  SCV  
  30  3:13  Engineering Bay  
  30  3:15  SCV x2, Engineering Bay  
  31  3:27  SCV x2  
  33  3:37  Hellion x2  
  33  3:39  SCV x2  
  39  3:41  Orbital Command  
  39  3:44  Barracks Tech Lab  
  39  3:47  Orbital Command, Terran Infantry Weapons Level 1  
  39  3:49  Terran Infantry Armor Level 1  
  39  3:51  SCV  
  39  3:53  SCV  
  41  4:03  Marine  
  41  4:04  Refinery x2  
  41  4:05  Stimpack  
  41  4:06  SCV  
  41  4:07  SCV  
  44  4:13  SCV  
  45  4:18  SCV  
  45  4:21  Marine  
  45  4:22  Barracks  
  47  4:25  Barracks, SCV x2  
  47  4:27  Factory Reactor  
  47  4:31  SCV  
  50  4:37  SCV x2  
  52  4:41  Marine  
  52  4:43  SCV  
  52  4:45  Supply Depot x2  
  52  4:49  SCV x2  
  52  4:53  Barracks  
  52  4:55  SCV  
  52  4:56  Orbital Command, Barracks  
  52  4:59  Marine  
  54  5:01  SCV  
  54  5:06  Armory  
  55  5:07  SCV  
  55  5:09  Marine  
  55  5:10  Starport  
  55  5:11  Factory Tech Lab  
  55  5:13  SCV  
  58  5:19  Bunker, SCV  
  58  5:20  Marine x2  
  61  5:22  SCV  
  61  5:25  Marine x2, SCV  
  61  5:27  Marine  
  66  5:31  SCV  
  66  5:32  Supply Depot  
  66  5:34  Siege Tank  
  66  5:35  Supply Depot, SCV  
  71  5:38  Marine, SCV  
  71  5:40  Marine  
  71  5:41  Barracks Reactor  
  71  5:42  Barracks Reactor  
  74  5:43  SCV  
  74  5:47  SCV  
  74  5:48  Starport Reactor  
  76  5:50  Supply Depot  
  76  5:52  SCV  
  76  5:54  Supply Depot  
  76  5:55  Marine, SCV  
  76  5:57  Supply Depot  
  79  5:58  Marine x2  
  79  5:59  Marine, SCV  
  79  6:03  Terran Infantry Weapons Level 2  
  83  6:08  Combat Shields  
  83  6:11  Marine  
  83  6:12  Marine  
  83  6:16  Marine x2  
  83  6:17  Marine  
  88  6:19  Factory Reactor  
  88  6:23  Terran Infantry Armor Level 2  
  88  6:28  Barracks x2  
  88  6:29  Medivac, Marine  
  88  6:30  Barracks  
  88  6:31  Medivac  
  93  6:32  Marine  
  93  6:36  Marine x2  
  93  6:37  Supply Depot  
  93  6:38  Marine x2  
  93  6:39  Marine  
  98  6:41  Marine x2  
  98  6:46  Supply Depot  
  100  6:47  Marauder  
  100  6:48  Supply Depot  
  100  6:50  Marine  
  100  6:53  Marine  
  104  6:54  Marine  
  104  6:55  Widow Mine x2  
  104  6:56  Marine x2  
  104  6:57  Missile Turret  
  104  6:59  Marine  
  104  7:00  Missile Turret  
  104  7:01  Medivac  
  114  7:04  Medivac  
  114  7:07  Marine  
  117  7:10  Marine x2  
  117  7:11  Supply Depot, Marine  
  117  7:12  Marine x2  
  122  7:16  Supply Depot  
  122  7:17  Barracks Tech Lab x2  
  122  7:18  Marine, Barracks Tech Lab  
  122  7:20  Marine  
  124  7:25  Supply Depot  
  124  7:30  Marine x3  
  124  7:31  Medivac  
  124  7:33  Widow Mine x2  
  124  7:34  Medivac  
  124  7:35  Supply Depot  
  124  7:36  Marine  
  136  7:40  Marine  
  136  7:41  Marauder  
  139  7:44  Marine  
  139  7:45  Marine, Marauder  
  141  7:52  Marine x2  
  141  7:53  Marauder  
  141  7:57  Marine x3, Marauder  
  149  8:01  Supply Depot, Medivac  
  149  8:02  Supply Depot  
  155  8:05  Medivac  
  155  8:06  Marine x2, Marauder  
  155  8:11  Supply Depot, Terran Vehicle Weapons Level 1  
  156  8:19  Marine x3  
  157  8:20  Marine x2, Marauder x2  
  157  8:21  Marauder  
  157  8:22  Marine  
  157  8:24  Marine  
  163  8:28  Terran Infantry Weapons Level 3, Marauder  
  163  8:30  Marine  
  163  8:33  Siege Tank  
  169  8:37  Marine  
  169  8:39  Marine x2  
  169  8:41  Marauder x2  
  176  8:42  Marauder  
  176  8:43  Marine x2  
  176  8:44  Marine  
  171  8:49  Marauder  
  171  8:50  Marine x2  
  171  8:54  Concussive Shells  
  175  8:56  Supply Depot  
  175  8:58  Marine  
  175  9:02  Marauder x2  
  180  9:05  Marine x3  
  180  9:06  Marauder  
  180  9:07  Siege Tank  
  188  9:11  Marine x2, Marauder  
  188  9:14  Marine  
  188  9:16  Marine  
  194  9:18  Marine  
  194  9:21  Medivac  
  194  9:24  Marine, Marauder x2  
  184  9:27  Marine x2, Marauder  
  184  9:29  Marine x2  
  184  9:32  Marine  
  172  9:40  Medivac, Marine  
  172  9:41  Marauder  
  160  9:47  Marine x2, Marauder  
  160  9:48  Marine x2, Marauder  
  160  9:49  Marine  
  160  9:51  Medivac  
  160  9:52  Marine x2  
  144  9:54  Marine  
  144  9:58  Marine  
  133  10:02  Marine  
  133  10:05  Marine x3  
  133  10:06  Marine  
  129  10:07  Marine  
  129  10:09  Marauder  
  129  10:10  Siege Tank, Marine, Medivac  
  129  10:11  Marine x2  
  135  10:24  Marine x5  
  135  10:27  Medivac  
  142  10:30  Command Center  
  131  10:39  Marine  
  131  10:40  Marine x6  
  131  10:41  Marine  
  131  10:42  Marine x4  
  142  10:47  Terran Infantry Armor Level 3  
  143  10:56  Medivac  
  145  10:57  Marine x3  
  145  10:58  Marauder  
  145  10:59  Marine x2  
  145  11:00  Marine  
  153  11:05  Medivac  
  153  11:06  Marine x4  
  153  11:10  Marine  
  160  11:19  Marauder  
  160  11:21  Marine x2  
  160  11:25  Marauder x2  
  169  11:28  Marauder  
  169  11:30  Marine x2  
  162  11:36  Siege Tank  
  163  11:41  Marine, Marauder  
  163  11:46  Marauder x2, Barracks Tech Lab  
  170  11:47  Planetary Fortress  
  170  11:50  Marine x2  
  170  11:51  Marauder  
  170  11:53  Marine x2  
  176  12:00  Marine  
  177  12:02  Marauder  
  177  12:07  Marauder  
  184  12:08  Siege Tank  
  184  12:10  Marine, Marauder  
  184  12:15  Marine  
  186  12:16  Marauder  
  186  12:18  Marine x2  
  186  12:19  Marauder  
  186  12:22  Marine x2  
  193  12:24  Marauder  
  193  12:29  Marauder  
  197  12:37  Marine  
  197  12:38  Marauder  
  200  12:50  Orbital Command  
  200  12:57  Command Center  
  168  13:01  Marine  
  168  13:02  Medivac, Marauder  
  168  13:03  Medivac, Marine x3, Marauder x2  
  168  13:04  Marine x2  
  177  13:16  Marine  
  177  13:17  Marine  
  179  13:26  Marine  
  179  13:27  Marine, Marauder  
  182  13:32  Medivac  
  182  13:33  Medivac  
  182  13:34  Marine, Marauder  
  187  13:35  Marine  
  190  13:46  Marine  
  190  13:47  Marauder  
  193  13:49  Marine  
  194  14:02  Medivac  
  191  14:04  Medivac  
  134  14:17  Marine  
  134  14:18  Marauder  
  134  14:21  Marine  
  134  14:22  Marine, Marauder x2  
  134  14:23  Marine x2  
  134  14:24  Marine x2  
Show
View Real Time Build Order
Export as new Build Order

JonSnow Zerg - Winner!

Build Orders: Hatch First 

Get SALT Encoding   

  12  0:00  Drone  
  13  0:12  Overlord  
  13  0:17  Drone  
  14  0:31  Drone x2  
  14  0:34  Drone  
  17  0:53  Hatchery  
  17  0:56  Drone  
  17  0:59  Drone  
  18  1:06  Extractor  
  18  1:09  Drone  
  18  1:17  Drone  
  19  1:22  Spawning Pool  
  18  1:28  Drone  
  19  1:46  Hatchery  
  18  1:51  Drone  
  19  1:59  Drone  
  20  2:09  Queen  
  20  2:10  Zergling x4  
  24  2:19  Metabolic Boost  
  24  2:26  Queen  
  26  2:32  Drone x2  
  28  2:39  Overlord  
  28  2:57  Queen  
  28  2:58  Drone x5  
  31  3:02  Drone  
  36  3:08  Queen  
  36  3:10  Drone  
  39  3:17  Overlord  
  39  3:18  Drone  
  40  3:20  Drone  
  40  3:21  Drone  
  42  3:31  Overlord  
  42  3:39  Drone  
  42  3:40  Drone x7  
  49  3:44  Overlord  
  49  3:47  Overlord  
  49  3:50  Drone x2  
  49  3:53  Drone x2  
  49  3:55  Extractor  
  52  3:58  Extractor  
  52  4:00  Drone  
  52  4:03  Overlord  
  52  4:07  Roach Warren  
  51  4:10  Extractor  
  51  4:16  Overlord  
  50  4:17  Drone x2  
  50  4:18  Drone x5  
  57  4:26  Overlord  
  57  4:30  Overlord  
  57  4:40  Drone x9  
  66  4:50  Lair  
  66  4:51  Drone x5  
  71  4:54  Evolution Chamber  
  71  4:56  Evolution Chamber  
  71  4:57  Drone x2  
  71  4:59  Zergling x4  
  73  5:00  Zergling x2  
  73  5:07  Overlord, Drone x2  
  74  5:10  Queen  
  78  5:17  Baneling Nest  
  77  5:23  Drone x4  
  77  5:24  Overlord  
  81  5:29  Zerg Melee Weapons Level 1, Zerg Ground Armor Level 1  
  81  5:32  Extractor x2  
  81  5:35  Zergling x6  
  82  5:36  Hatchery  
  81  5:45  Drone  
  81  5:46  Drone x7  
  88  5:54  Spire  
  88  5:57  Drone x5  
  89  6:02  Spore Crawler  
  89  6:03  Spore Crawler  
  89  6:04  Centrifical Hooks  
  90  6:09  Hydralisk Den  
  90  6:10  Overlord, Hatchery  
  89  6:18  Zergling x16  
  95  6:24  Baneling  
  95  6:25  Baneling x4  
  97  6:27  Overlord x2  
  97  6:40  Drone x5  
  97  6:43  Muscular Augments, Hydralisk x4  
  111  6:47  Drone  
  111  6:53  Hydralisk x3  
  117  6:55  Infestation Pit  
  117  6:56  Baneling x5  
  116  7:03  Drone x4  
  116  7:04  Drone x2  
  116  7:08  Extractor  
  121  7:09  Extractor  
  121  7:10  Hydralisk x2  
  121  7:11  Zergling x2, Hydralisk x2  
  121  7:12  Zergling x2  
  121  7:15  Overlord  
  130  7:21  Overlord x2  
  130  7:24  Zerg Melee Weapons Level 2  
  130  7:25  Zerg Ground Armor Level 2  
  130  7:27  Baneling x3  
  129  7:34  Hive, Hydralisk x2  
  129  7:35  Hydralisk  
  129  7:36  Zergling x2  
  136  7:41  Baneling x2  
  135  7:44  Zergling x6  
  135  7:45  Zergling x12  
  135  7:48  Zergling x2  
  135  7:49  Zergling x2  
  142  7:54  Zergling x2  
  142  7:55  Zergling x6  
  143  7:58  Hydralisk x2  
  143  7:59  Hydralisk  
  143  8:01  Overlord  
  149  8:06  Zergling x8  
  152  8:14  Zergling x8  
  152  8:17  Hydralisk x2  
  157  8:20  Baneling x3  
  157  8:21  Baneling  
  157  8:29  Overlord x2, Infestor x3  
  157  8:31  Burrow, Hatchery  
  157  8:47  Zergling x26  
  170  8:52  Ultralisk Cavern, Baneling  
  170  8:53  Baneling x2  
  168  9:05  Hydralisk  
  168  9:06  Zergling x2, Hydralisk x4  
  168  9:07  Zergling x16  
  168  9:09  Baneling x3  
  185  9:10  Overlord  
  185  9:16  Drone x2  
  187  9:23  Hydralisk x4  
  176  9:24  Zergling x2  
  176  9:28  Zergling x8  
  176  9:30  Baneling x4  
  168  9:35  Zergling x16  
  168  9:45  Hydralisk x3  
  151  9:46  Zergling x2, Hydralisk x2  
  140  9:53  Zergling x16  
  140  9:57  Zergling x2  
  140  9:58  Zergling x4  
  146  10:02  Zergling x2  
  146  10:03  Zergling x10  
  146  10:05  Hydralisk x3  
  146  10:06  Chitinous Plating  
  150  10:09  Zergling x2  
  150  10:12  Baneling x2  
  149  10:17  Baneling x2  
  149  10:18  Zergling x10  
  154  10:27  Baneling x3  
  154  10:30  Ultralisk, Zergling x18  
  158  10:36  Zergling x6  
  158  10:39  Baneling x3  
  161  10:46  Queen  
  161  10:47  Zergling x4  
  161  10:48  Zergling x10  
  170  10:52  Ultralisk  
  176  10:59  Baneling x2  
  176  11:03  Zergling x16  
  184  11:04  Baneling x4  
  184  11:05  Baneling  
  184  11:10  Zergling x4  
  184  11:21  Ultralisk x2  
  184  11:22  Zergling x2  
  188  11:26  Zergling x6  
  188  11:32  Zergling x14  
  190  11:38  Baneling x5  
  190  11:45  Ultralisk  
  196  11:52  Zerg Melee Weapons Level 3  
  195  12:06  Zergling x12  
  195  12:21  Ultralisk x2, Zergling x4  
  197  12:36  Ultralisk, Zergling x2  
  197  12:37  Zergling x4  
  200  12:41  Spire  
  193  12:54  Ultralisk, Zergling x10  
  182  13:01  Ultralisk  
  182  13:02  Zergling x14  
  182  13:03  Zergling x2  
  185  13:18  Zergling x2  
  185  13:19  Zergling x14  
  193  13:21  Baneling  
  193  13:22  Baneling x5  
  193  13:34  Baneling x4  
  193  13:38  Baneling x5  
  193  13:39  Zergling x16  
  194  14:03  Ultralisk  
  194  14:04  Zergling x16  
  194  14:07  Zergling x14  
  189  14:10  Zergling x2  
  189  14:11  Zergling x4  
  189  14:14  Zergling x4  
  176  14:19  Zergling x8  
  166  14:26  Zergling x2  
  166  14:27  Zergling x10  
Tags
 
Add a new tag
Caveats
  • Supply blocks, unpowered buildings, or Contaminate may cause inaccurate times.
  • Supply counts are checked every 10 seconds.